AoeStats
← SeemsFishy

Black Forest

503444960Analyzed
4v4 RM · 1mo ago on Aug 31, 2026· 44m 0s· 8 players
Game mode
Random Map
Map size
Large (8 player)
Population
200
Speed
Normal
Resources
Standard
Victory
Conquest
Starting age
Dark Age
Ending age
Imperial Age
RankedLock teamsTeams togetherTeam positionsShared explorationLock speedFull tech treeHidden civsTurbo modeCheats
Victory
Defeat
🇬🇧 Koreans · United Kingdom
1382
+16
🇮🇹 Bengalis · Italy
1356
+17
🇦🇷 Hindustanis · Argentina
1295
+20
🇧🇩 Lithuanians · Bangladesh
1281
+21
1543
-25
🇦🇷 Romans · Argentina
1424
-20
🇺🇸 Persians · United States
1402
-19
🇺🇸 Goths · United States
1178
-9
SeemsFishy
1:11 Loom
15:07 Feudal Age
19:47 Castle Age
18:04 Fishing Lines
19:04 Double-Bit Axe
20:44 Bow Saw
22:17 Gillnets
22:53 Town Watch
25:05 Fletching
26:50 Gold Mining
26:50 Stone Mining
28:51 Fortified Wall
28:37 Horse Collar
33:05 Imperial Age
31:13 Wheelbarrow
34:22 Hand Cart
36:27 Sanctity
36:44 Theocracy
36:29 Block Printing
36:45 Bodkin Arrow
37:36 Theocracy
37:44 Elite War Wagon
38:26 Bracer
39:00 Conscription
39:04 Masonry
41:34 Gold Shaft Mining
41:34 Stone Shaft Mining
42:27 Shinkichon
42:07 Eupseong
Jac
0:26 Loom
11:15 Feudal Age
16:00 Castle Age
14:16 Double-Bit Axe
14:41 Gold Mining
19:42 Redemption
25:23 Fletching
26:07 Horse Collar
27:55 Town Watch
28:31 Stone Mining
32:15 Bodkin Arrow
32:20 Padded Archer Armor
34:22 Leather Archer Armor
35:02 Ballistics
40:46 Imperial Age
39:43 Heavy Plow
39:41 Murder Holes
39:26 Treadmill Crane
41:28 Paiks
41:31 Bracer
42:02 Ring Archer Armor
42:03 Masonry
42:04 Paiks
42:34 Forging
42:30 Scale Barding Armor
43:05 Conscription
42:54 Caravan
44:47 Conscription
43:51 Elite Ratha (Ranged)
-LN-cheperico
5:10 Loom
11:34 Feudal Age
13:01 Feudal Age
14:17 Double-Bit Axe
14:18 Horse Collar
17:24 Castle Age
16:18 Stone Mining
16:29 Gold Mining
16:44 Fishing Lines
18:46 Bow Saw
18:39 Heavy Plow
20:22 Wheelbarrow
19:33 Town Watch
20:56 Gillnets
21:21 Caravan
22:27 Gold Shaft Mining
31:48 Imperial Age
29:59 Stone Shaft Mining
29:57 Bloodlines
29:47 Husbandry
29:54 Scale Barding Armor
30:00 Forging
32:52 Chain Barding Armor
32:14 Heavy Camel Rider
34:33 Two-Man Saw
34:01 Heavy Camel Rider
36:05 Conscription
35:48 Grand Trunk Road
37:30 Imperial Camel Rider
40:02 Chemistry
39:13 Masonry
39:17 Fortified Wall
39:51 Plate Barding Armor
40:34 Iron Casting
40:16 Siege Engineers
41:20 Two-Man Saw
45:27 Blast Furnace
44:18 Fletching
CumansCumin
2:59 Loom
10:50 Feudal Age
14:41 Castle Age
12:50 Double-Bit Axe
13:06 Horse Collar
24:21 Wheelbarrow
23:44 Gold Mining
23:52 Stone Mining
24:19 Fervor
26:11 Caravan
29:10 Imperial Age
26:57 Hand Cart
26:28 Town Watch
27:53 Scale Barding Armor
27:58 Forging
29:08 Chain Barding Armor
28:59 Bloodlines
28:50 Husbandry
30:14 Iron Casting
29:30 Cavalier
30:35 Bow Saw
30:33 Heavy Plow
31:34 Conscription
31:51 Plate Barding Armor
32:19 Two-Man Saw
32:01 Crop Rotation
31:18 Paladin
31:19 Light Cavalry
37:05 Coinage
36:45 Guilds
39:55 Stone Shaft Mining
39:53 Banking
41:15 Chemistry
40:11 Murder Holes
39:56 Treadmill Crane
40:28 Fortified Wall
40:28 Masonry
43:11 Elite Leitis
Shane Pizza
0:54 Loom
15:54 Feudal Age
16:26 Double-Bit Axe
21:45 Castle Age
20:12 Man-at-Arms
20:48 Gold Mining
22:58 Bow Saw
23:36 Long Swordsman
28:28 Scale Mail Armor
28:38 Forging
29:32 Chain Mail Armor
29:38 Pikeman
30:18 Squires
31:42 Wheelbarrow
32:04 Pikeman
35:17 Horse Collar
35:20 Fishing Lines
35:56 Elite Skirmisher
41:49 Imperial Age
39:36 Heavy Plow
40:54 Hand Cart
NUBSINC
6:47 Loom
12:26 Feudal Age
17:06 Castle Age
15:47 Double-Bit Axe
15:50 Horse Collar
17:45 Bow Saw
23:45 Wheelbarrow
24:42 Gold Mining
25:23 Heavy Plow
26:22 Hand Cart
26:55 Bloodlines
27:30 Stone Mining
28:28 Husbandry
31:57 Imperial Age
29:13 Town Watch
30:32 Stone Shaft Mining
30:39 Scale Barding Armor
31:42 Chain Barding Armor
32:15 Forging
32:56 Conscription
34:49 Light Cavalry
36:07 Plate Barding Armor
36:08 Iron Casting
37:32 Devotion
36:56 Hussar
37:36 Elite War Elephant
40:14 Blast Furnace
40:43 Fletching
42:44 Bodkin Arrow
Ginger lee fondle your meatballs
12:50 Feudal Age
16:29 Castle Age
15:44 Double-Bit Axe
17:26 Bow Saw
23:58 Imperial Age
21:51 Stone Mining
23:01 Gold Mining
23:23 Squires
23:19 Fishing Lines
24:38 Scale Mail Armor
24:49 Forging
25:22 Loom
26:04 Conscription
26:47 Chain Mail Armor
27:07 Iron Casting
28:17 Plate Mail Armor
30:38 Blast Furnace
32:02 Wheelbarrow
31:52 Kataparuto
32:42 Guard Tower
33:33 Fletching
33:24 Pikeman
34:50 Halberdier
40:02 Fortified Wall
40:50 Yasama
41:19 Ballistics
Bella Ciao
10:40 Feudal Age
14:17 Castle Age
12:11 Double-Bit Axe
16:38 Loom
19:57 Bow Saw
21:13 Scale Mail Armor
20:50 Pikeman
26:47 Man-at-Arms
27:28 Squires
27:31 Long Swordsman
33:32 Chain Mail Armor
33:54 Horse Collar
40:23 Imperial Age
40:32 Imperial Age
39:46 Forging
Connection lost

Rejoining the realm…

Still unreachable

The connection could not be restored.

Session expired

The server has moved on; the page needs a fresh start.